 Dungeon Crawl Stone Soup version 0.22.1-1-ga44c0e5 (webtiles) character file.

745 tifemel the Cutter (level 7, -5/90 HPs)
             Began as a Centaur Hunter on Sept 28, 2018.
             Was a Follower of Okawaru.
             Slain by a crocodile (11 damage)
             ... on level 5 of the Dungeon.
             The game lasted 00:25:15 (5431 turns).

tifemel the Cutter (Centaur Hunter)                 Turns: 5431, Time: 00:25:17

Health: -5/90      AC: 23    Str: 17    XL:     7   Next: 47%
Magic:  7/7        EV:  1    Int: 10    God:    Okawaru [*.....]
Gold:   175        SH:  0    Dex:  9    Spells: 6/6 levels left

rFire    . . .     SeeInvis .   b - +0 short sword
rCold    . . .     Gourm    .   (no shield)
rNeg     + + +     Faith    .   (armour currently unavailable)
rPois    +         Spirit   .   (helmet currently unavailable)
rElec    .         Reflect  .   (cloak currently unavailable)
rCorr    .         Harm     .   (gloves currently unavailable)
MR       .....     NoTele   +   (no barding)
Stlth    +.........             (no amulet)
HPRegen  0.25/turn              (no ring)
MPRegen  0.10/turn              (no ring)

@: tree-form
A: large
a: Heroism, Renounce Religion


You were on level 5 of the Dungeon.
You worshipped Okawaru.
Okawaru was aware of your devotion.
You were hungry.
You were a tree.
You visited 2 branches of the dungeon, and saw 6 of its levels.

You collected 175 gold pieces.

Inventory:

Hand Weapons
 a - a +1 shortbow
 b - a +0 short sword (weapon)
Missiles
 d - 45 arrows
Armour
 c - a +0 leather armour (melded)
 g - a +0 buckler
 h - a +0 cloak (melded)
 y - a +1 scale mail of cold resistance
 D - a +0 helmet (melded)
Jewellery
 e - an uncursed ring of stealth {unknown}
 w - a cursed amulet of inaccuracy {unknown}
Wands
 s - a wand of paralysis (20)
 A - a wand of random effects (25)
Scrolls
 i - a scroll of teleportation
 j - a scroll of amnesia {unknown}
 k - a scroll of remove curse {unknown}
 l - a scroll of fear {unknown}
 m - a scroll of magic mapping {unknown}
 n - 2 scrolls of enchant weapon {unknown}
 p - 2 scrolls of random uselessness {unknown}
 q - 3 scrolls of identify {unknown}
Potions
 r - a potion of heal wounds {unknown}
 u - a potion of flight
 v - a potion of invisibility
 z - a potion of berserk rage {unknown}
 C - a potion of degeneration {unknown}
 E - a potion of might {unknown}
Comestibles
 f - 5 rations
 B - 4 chunks of flesh


   Skills:
 + Level 4.8 Fighting
 - Level 6.1 Short Blades
 + Level 5.6 Bows
 - Level 1.3 Dodging
 - Level 0.4 Stealth


You had 6 spell levels left.
You didn't know any spells.
Your spell library was empty.

Dungeon Overview and Level Annotations

Branches:
Dungeon (5/15)             Temple (1/1) D:4

Altars:
Cheibriados
Dithmenos
Elyvilon
Fedhas
Gozag
Hepliaklqana
Makhleb
Nemelex Xobeh
Okawaru
Qazlal
Ru
Trog
Uskayaw
Vehumet
Xom
Zin

Annotations:
D:5 Eustachio


Innate Abilities, Weirdness & Mutations

((You have hooves in place of feet.))
((Armour fits poorly on your strangely shaped body.))
((You cover ground very quickly.))
((You have extremely tough skin. (AC +3)))


Message History

The crocodile bites you but does no damage.
You hit the crocodile.
The crocodile is moderately wounded.
The sky beast hits you.
* * * LOW HITPOINT WARNING * * *
The sky beast shocks you.
* * * LOW HITPOINT WARNING * * *
You hit the crocodile.
The crocodile is heavily wounded.
The crocodile completely misses you. The sky beast barely misses you.
You barely miss the crocodile.
The crocodile is heavily wounded.
The crocodile bites you but does no damage.
The sky beast hits you but does no damage.
The sky beast flickers out of sight!
Deactivating autopickup; reactivate with Ctrl-A.
You hit the crocodile.
The crocodile is severely wounded.
The crocodile bites you!
You die...

######### #.......#
#.......# ###
###.......##...
.................
#........# ....
.###.....{Z.#.....
........#Y#.#.......
.######.#♣#.#... ...
#o#t#.o####..
#(#.@..o.....
#5#......o#.
#.........#
###.......#
...###### #.......#
........####
#...(.(.#
...........#
#.......#


You could see Eustachio, a crocodile, a sky beast and an adder skeleton.

Vanquished Creatures
  Duvessa (D:4)
  A phantom (D:4)
  Dowan (D:4)
  2 howler monkeys
  A crimson imp (D:5)
  A hound (D:2)
  A centaur skeleton (D:4)
  An orc priest (D:5)
  An orc wizard (D:4)
  An iguana (D:4)
  Ijyb (D:3)
  A killer bee zombie (D:5)
  A hound skeleton (D:4)
  Robin (D:4)
  5 adders
  2 oozes
  An adder skeleton (D:4)
  5 worms
  4 dart slugs
  8 leopard geckos
  6 orcs
  4 giant cockroaches (D:1)
  16 hobgoblins
  2 jackals (D:2)
  3 quokkas
  6 bats
  2 frilled lizards
  14 goblins
  6 kobolds
  5 rats
104 creatures vanquished.

Notes
Turn   | Place    | Note
-------+----------+-------------------------------------------
     0 | D:1      | tifemel the Centaur Hunter began the quest for the Orb.
     0 | D:1      | Reached XP level 1. HP: 17/17 MP: 1/1
   395 | D:1      | Reached skill level 1 in Short Blades
   395 | D:1      | Reached XP level 2. HP: 24/24 MP: 2/2
   757 | D:1      | Reached XP level 3. HP: 18/30 MP: 3/3
  1208 | D:2      | Reached skill level 2 in Short Blades
  1493 | D:2      | Found a shadowy altar of Dithmenos.
  1557 | D:2      | Found a white marble altar of Elyvilon.
  1808 | D:2      | Found a burning altar of Makhleb.
  1815 | D:2      | Reached skill level 3 in Short Blades
  1815 | D:2      | Reached XP level 4. HP: 36/38 MP: 4/4
  2345 | D:3      | Found an opulent altar of Gozag.
  2404 | D:3      | Found a snail-covered altar of Cheibriados.
  2926 | D:3      | Noticed Ijyb
  2939 | D:3      | Killed Ijyb
  2939 | D:3      | Reached XP level 5. HP: 43/45 MP: 5/5
  3241 | D:4      | Noticed a phantom
  3243 | D:4      | Noticed Eustachio
  3320 | D:4      | Killed a phantom
  3320 | D:4      | Reached skill level 4 in Short Blades
  3408 | D:4      | Reached XP level 6. HP: 51/51 MP: 6/6
  3746 | D:4      | Reached skill level 5 in Short Blades
  3783 | D:4      | Found a staircase to the Ecumenical Temple.
  3807 | D:4      | Noticed Dowan
  3818 | D:3      | Found a sacrificial altar of Ru.
  3818 | D:3      | Found a stormy altar of Qazlal.
  3818 | D:3      | Found a hide-covered altar of Uskayaw.
  3844 | D:4      | Killed Dowan
  3846 | D:4      | Noticed Duvessa
  3948 | D:4      | Killed Duvessa
  3948 | D:4      | Reached XP level 7. HP: 47/59 MP: 7/7
  4034 | Temple   | Entered the Ecumenical Temple
  4075 | Temple   | Became a worshipper of Warmaster Okawaru
  4132 | D:4      | Found a snail-covered altar of Cheibriados.
  4603 | D:4      | Noticed Robin
  4637 | D:4      | Killed Robin
  5174 | D:5      | Entered Level 5 of the Dungeon
  5184 | D:5      | Reached skill level 6 in Short Blades
  5408 | D:5      | Reached * piety under Okawaru
  5431 | D:5      | Slain by a crocodile

Skill      XL: |  1  2  3  4  5  6  7 |
---------------+----------------------+-----
Short Blades   | 1 3 4 5 6 |  6.1
Fighting       | 3 4 |  4.8
Bows           | |  5.6
Dodging        | |  1.3
Stealth        | |  0.4

Action                   |  1- 3 |  4- 6 |  7- 9 || total
-------------------------+-------+-------+-------++-------
Melee: Short sword       |   106 |   141 |   138 ||   385
       Kick              |    19 |    34 |    13 ||    66
       Shortbow          |       |       |     1 ||     1
 Fire: Shortbow          |    12 |    53 |    35 ||   100
  Use: Potion            |       |       |     7 ||     7
       Scroll            |       |       |     1 ||     1
  Eat: Chunk             |     1 |     6 |     4 ||    11
Armor: Leather armour    |    31 |    61 |    40 ||   132
       Skin              |       |       |    64 ||    64
Dodge: Dodged            |    46 |    63 |    46 ||   155
